 Dungeon Crawl Stone Soup version 0.20-a0-2-g2b0e13a (console) character file.

2545 brucemayne the Cleaver (level 9, -1/94 HPs)
             Began as a Demonspawn Berserker on Oct 29, 2016.
             Was a Priest of Trog.
             Slain by a komodo dragon (10 damage)
             ... on level 1 of the Lair of Beasts.
             The game lasted 00:12:38 (2431 turns).

brucemayne the Cleaver (Demonspawn Berserker)       Turns: 2431, Time: 00:12:39

Health: -1/94      AC: 24    Str: 21    XL:     9   Next: 30%
Magic:  9/9        EV:  2    Int:  8    God:    Trog [***...]
Gold:   225        SH:  0    Dex: 15    Spells: 0 memorised, 8 levels left

rFire  + . .     SeeInvis .     a - +1 hand axe
rCold  . . .     Gourm    .     (armour currently unavailable)
rNeg   + + +     Faith    .     (no shield)
rPois  +         Spirit   .     (helmet currently unavailable)
rElec  .         Reflect  .     (cloak currently unavailable)
rCorr  .         Harm     .     (gloves currently unavailable)
MR     .....     NoTele   +     (boots unavailable)
Stlth  ++........               (no amulet)
                                D - ring of protection from fire
                                o - ring of positive energy

@: tree-form
A: (hooves 0), thin skeletal structure 1, (fire resistance 0), powered by pain
1, flame cloud immunity
a: Berserk, Trog's Hand, Burn Spellbooks, Renounce Religion


You were on level 1 of the Lair of Beasts.
You worshipped Trog.
Trog was most pleased with you.
You were not hungry.
You were a tree.
You visited 3 branches of the dungeon, and saw 13 of its levels.
You also visited: Ossuary.

You collected 225 gold pieces.

Inventory:

Hand Weapons
 a - a +1 hand axe (weapon)
 d - a +0 hand axe
Missiles
 u - 13 poisoned needles
Armour
 b - a +0 animal skin
 m - a +0 chain mail
 p - a +0 large shield
 q - a +0 buckler
 w - a +1 plate armour (melded)
 B - a +2 pair of gloves (melded)
 I - a +0 troll leather armour
Jewellery
 o - a ring of positive energy (left branch)
 D - a ring of protection from fire (right branch)
Scrolls
 h - 4 scrolls of identify
 s - 2 scrolls of remove curse
Potions
 f - a potion of brilliance {unknown}
 g - a potion of mutation {unknown}
 n - a potion of might
 z - 2 potions of haste {unknown}
 A - 5 potions of agility {unknown}
 E - 5 potions of curing
 G - 2 potions of berserk rage {unknown}
Books
 j - a book of Callings

   Spells                             Type                      Level
   a - Summon Small Mammal            Summoning                    1
   b - Call Imp                       Summoning                    2
   c - Call Canine Familiar           Summoning                    3
   d - Summon Guardian Golem          Hexes/Summoning              3
   e - Summon Lightning Spire         Summoning/Air                4
   f - Summon Ice Beast               Ice/Summoning                4
   Trog disapproves of the use of such an item.
Comestibles
 c - 4 bread rations
 i - a meat ration
 l - 2 royal jellies
 C - a fruit
 H - 7 chunks of flesh


   Skills:
 - Level 3.0 Fighting
 + Level 11.7 Axes
 - Level 1.7 Armour
 - Level 1.7 Dodging


You had 8 spell levels left.
You didn't know any spells.

Dungeon Overview and Level Annotations

Branches:
Dungeon (10/15)            Temple (1/1) D:7            Lair (2/6) D:9
  Swamp: Lair:2-4    Shoals: Lair:2-4     Snake: Lair:2-4    Spider: Lair:2-4
    Orc: D:9-12

Altars:
Cheibriados
Dithmenos
Okawaru
Yredelemnul
Zin
The Shining One

Annotations:
D:10 RexLacerta's ghost, novice GrBe


Innate Abilities, Weirdness & Mutations

((You have hooves in place of feet.))
You have a somewhat thin skeletal structure. (Dex +2, Stealth)
((Your flesh is heat resistant. (rF+)))
You sometimes gain a little power by taking damage.
You are immune to clouds of flame.


Message History

There is a stone staircase leading down here.
Unknown command.
A black mamba comes into view.
The black mamba hisses angrily.
The black mamba moves out of view.
Found a gold wand.
There is a fountain of clear blue water here.
The komodo dragon hisses menacingly.
Okay, then.
You turn into a tree.
Your +2 pair of gloves melds into your body.
Your +1 plate armour melds into your body.
Your roots penetrate the ground.
Your skin stops crawling.
You feel less resistant to hostile enchantments.
The black mamba bites you but does no damage.
The blink frog hits you!
* * * LOW HITPOINT WARNING * * *
The komodo dragon bites you!
You die...

.####........... ....
#####.#..⌠..###.### .....
.............##.⌠.##....
........D....#..........
..F.⌠.l⌠.>.⌠.'D.>.⌠# ..
..............l....# ....
.........)....#.⌠..#.....
##.#.##..⌠..#..##l...../.
.###.......##.$F♣S.......
.#........#..............
.....⌠...#...............
........#................♣ ≈≈
.......##..?........##...≈ ≈≈≈
......#..........#..# #..♣♣≈;≈≈≈≈
........§...$.......# #..♣♣≈♣≈≈≈≈
....................###..≈P≈≈≈≈≈≈
..........................♣≈≈≈≈≈≈


You could see a komodo dragon, a black mamba and a blink frog.

Vanquished Creatures
  A komodo dragon (Lair:1)
  2 trolls (D:9)
  Sigmund (D:5)
  2 wargs (D:9)
  3 orc warriors
  5 water moccasin zombies (Ossuary)
  A bullfrog (D:9)
  4 wights (D:6)
  A howler monkey (D:6)
  A crimson imp (D:7)
  A quasit (D:6)
  A jelly (D:7)
  7 orc wizards
  5 orc priests
  An iguana (D:9)
  2 big kobold zombies (Ossuary)
  2 mummies (Ossuary)
  3 gnolls (D:3)
  3 adders
  2 shadow imps (D:6)
  An ooze (D:3)
  5 adder zombies (Ossuary)
  A dart slug (D:1)
  A leopard gecko (D:3)
  15 orcs
  2 ball pythons
  2 bats
  2 goblins
  3 hobgoblins (D:2)
  3 jackals (D:7)
  3 kobolds (D:3)
  A quokka (D:7)
  2 gnoll zombies (Ossuary)
  3 hobgoblin zombies (Ossuary)
  A jackal skeleton (D:6)
  5 kobold zombies (Ossuary)
  8 orc zombies (Ossuary)
  A spectral orc (D:4)
107 creatures vanquished.

Notes
Turn   | Place    | Note
-------+----------+-------------------------------------------
     0 | D:1      | brucemayne the Demonspawn Berserker began the quest for the Orb.
     0 | D:1      | Reached XP level 1. HP: 18/18 MP: 1/1
    99 | D:1      | Reached skill level 3 in Axes
   157 | D:2      | Gained mutation: You have large cloven feet. [demonic ancestry]
   157 | D:2      | Reached XP level 2. HP: 20/24 MP: 2/2
   315 | D:3      | Gained mutation: You have hoof-like feet. [demonic ancestry]
   315 | D:3      | Reached XP level 3. HP: 15/29 MP: 3/3
   370 | D:3      | Reached skill level 4 in Axes
   463 | D:2      | Found an iron altar of Okawaru.
   554 | D:3      | Gained mutation: Your flesh is heat resistant. (rF+) [demonic ancestry]
   554 | D:3      | Reached XP level 4. HP: 26/35 MP: 4/4
   682 | D:4      | Found a basalt altar of Yredelemnul.
   752 | D:5      | Entered Level 5 of the Dungeon
   890 | D:6      | Reached skill level 5 in Axes
   892 | D:6      | Gained mutation: You are immune to clouds of flame. [demonic ancestry]
   892 | D:6      | Reached XP level 5. HP: 41/41 MP: 5/5
   936 | D:6      | Reached ** piety under Trog
   936 | D:6      | Reached skill level 6 in Axes
  1063 | D:6      | Gained mutation: You have hooves in place of feet. [demonic ancestry]
  1063 | D:6      | Reached XP level 6. HP: 30/47 MP: 6/6
  1102 | D:5      | Noticed Sigmund
  1122 | D:5      | Killed Sigmund
  1235 | D:6      | Found a snail-covered altar of Cheibriados.
  1236 | D:6      | Noticed an orc warrior
  1242 | D:6      | Reached skill level 7 in Axes
  1249 | D:6      | Killed an orc warrior
  1249 | D:6      | Gained mutation: You sometimes gain a little power by taking damage. [demonic ancestry]
  1249 | D:6      | Reached XP level 7. HP: 22/52 MP: 7/7
  1301 | D:7      | Reached skill level 8 in Axes
  1311 | D:7      | Found a shadowy altar of Dithmenos.
  1456 | D:7      | Found a staircase to the Ecumenical Temple.
  1461 | Temple   | Entered the Ecumenical Temple
  1539 | D:7      | Found a sand-covered staircase.
  1569 | Ossuary  | Entered an ossuary
  1704 | Ossuary  | Reached skill level 9 in Axes
  1704 | Ossuary  | Reached XP level 8. HP: 22/58 MP: 8/8
  1938 | D:7      | Reached *** piety under Trog
  1981 | D:9      | Noticed a troll
  1991 | D:9      | Killed a troll
  1991 | D:9      | Reached skill level 10 in Axes
  2047 | D:9      | Found a staircase to the Lair.
  2147 | D:9      | Noticed a troll
  2154 | D:9      | Killed a troll
  2154 | D:9      | Reached skill level 11 in Axes
  2154 | D:9      | Gained mutation: You have a somewhat thin skeletal structure. (Dex +2, Stealth) [demonic ancestry]
  2154 | D:9      | Reached XP level 9. HP: 46/63 MP: 9/9
  2197 | D:10     | Entered Level 10 of the Dungeon
  2197 | D:10     | Noticed RexLacerta's ghost (novice GrBe)
  2236 | D:9      | Found a glowing silver altar of Zin.
  2314 | Lair:1   | Entered Level 1 of the Lair of Beasts
  2314 | Lair:1   | Noticed a komodo dragon
  2328 | Lair:1   | Killed a komodo dragon
  2347 | Lair:1   | Noticed a six-headed hydra
  2380 | Lair:1   | Noticed a komodo dragon
  2412 | Lair:2   | Noticed an elephant
  2412 | Lair:2   | Noticed a komodo dragon
  2415 | Lair:2   | Noticed an elephant
  2416 | Lair:2   | Noticed an elephant
  2416 | Lair:2   | Noticed an elephant
  2417 | Lair:2   | Noticed an elephant
  2422 | Lair:2   | Noticed an elephant
  2427 | Lair:1   | Noticed a black mamba
  2431 | Lair:1   | Slain by a komodo dragon

Vault maps used:
D:1:      dpeg_arrival_three_same_balls, st_stairs_13, minmay_tetromino_s2
D:2:      okawaru_gym_becter
D:3:      portal_sewer_entry_d, minmay_rats_cheesy_pizza, uniq_robin
D:4:      yredelemnul_forgotten_temple_becter, first_bread,
          kennysheep_generic_room_4, uniq_blork_the_orc, uniq_edmund
D:5:      chequers_temple_overflow_minitemple, lemuel_coloured_pillars_altar,
          uniq_sigmund
D:6:      corexii_shantytown, cheibriados_altar_1
D:7:      nicolae_overflow_crystal_walls, nicolae_ru_the_path_less_chosen,
          serial_shops, kennysheep_little_box,
          nicolae_ossuary_entry_false_entrances
D:8:      lemuel_round_altar
D:9:      zin_scriptorium, trog_ov_bears_minmay, erik_lair_orcish_takeover
D:10:     orc_0_dummy, grunt_livestock, interstate_on_off, uniq_harold
Temple:   minmay_temple_forest_path
Lair:1:   lab_entry_generic, grunt_forest_stairs_basic, serial_bayou_lake_a,
          grunt_megastairs_3
Lair:2:   shoals_dummy_entry, columned_hall_lemuel
Ossuary:  ossuary_tomb_2

Skill      XL: |  1  2  3  4  5  6  7  8 |
---------------+-------------------------+-----
Axes           | 3 4 5 6 7 9 11 | 11.7
Fighting       | |  3.0
Armour         | |  1.7
Dodging        | |  1.7

Action                   |  1- 3 |  4- 6 |  7- 9 || total
-------------------------+-------+-------+-------++-------
Melee: Hand axe          |    66 |    91 |   329 ||   486
       Kick              |    11 |    23 |    97 ||   131
Invok: Berserk           |     2 |     3 |     7 ||    12
       Trog's Hand       |       |     2 |    12 ||    14
  Use: Potion            |     1 |     4 |     2 ||     7
       Scroll            |       |       |    11 ||    11
  Eat: Chunk             |     1 |     3 |    11 ||    15
       Beef jerky        |       |     1 |     1 ||     2
       Fruit             |       |       |     2 ||     2
       Pizza             |       |       |     1 ||     1
Armor: Animal skin       |     9 |       |       ||     9
       Skin              |    20 |    19 |    22 ||    61
       Chain mail        |     8 |    12 |       ||    20
       Plate armour      |       |    92 |   160 ||   252
Dodge: Dodged            |    43 |    51 |    79 ||   173
